TOP OF THE 1ST |
Baylor Bears batting - Pitching for Providence Friars : RHP Lorne McCoy
|
Pitching: RHP Lorne McCoy
|
|
Batting: LHB Alejandro Muńóz
|
0-0: Ground out 4-3 (Groundball, 4)
|
Batting: LHB Cipriano Rangel
|
0-0: Ball 1-0: Swinging Strike 1-1: Ball 2-1: Swinging Strike 2-2: Strikes out swinging
|
Batting: RHB Jesús Medrano
|
0-0: Ball 1-0: Fly out, F6 (Popup, 56D)
|
Top of the 1st over - 0 run(s), 0 hit(s), 0 error(s), 0 left on base; Baylor 0 - Providence 0 |
BOTTOM OF THE 1ST |
Providence Friars batting - Pitching for Baylor Bears : RHP Luke Rogers
|
Pitching: RHP Luke Rogers
|
|
Batting: LHB Jorge Hernández
|
0-0: Ball 1-0: Ball 2-0: Ball 3-0: Called Strike 3-1: Foul Ball, location: 2F 3-2: Base on Balls
|
Batting: RHB Eugene Ackerman
|
0-0: Ball 1-0: Ball 2-0: Ball 3-0: Called Strike 3-1: DOUBLE (Line Drive, 7LS) Jorge Hernández to third
|
Batting: LHB Dave Joyner
|
0-0: Ball 1-0: Ball 2-0: Called Strike 2-1: Swinging Strike 2-2: Foul Ball, location: 2F 2-2: Foul Ball, location: 2F 2-2: Strikes out looking
|
Batting: RHB Albert Cordero
|
0-0: Foul Ball, location: 2F 0-1: Ball 1-1: Foul Ball, location: 2F 1-2: Ball 2-2: Ball 3-2: Ground out 4-3 (Groundball, 34) Jorge Hernández scores Eugene Ackerman to third
|
Batting: LHB Zach Baxter
|
0-0: Called Strike 0-1: Fly out, F7 (Line Drive, 78M)
|
Bottom of the 1st over - 1 run(s), 1 hit(s), 0 error(s), 1 left on base; Baylor 0 - Providence 1 |
TOP OF THE 2ND |
Baylor Bears batting - Pitching for Providence Friars : RHP Lorne McCoy
|
Batting: RHB Patrick Love
|
0-0: Foul Ball, location: 2F 0-1: Fly out, F7 (Popup, 78S)
|
Batting: RHB Nelson Burton
|
0-0: Ball 1-0: Ball 2-0: Fly out, F9 (Flyball, 9M)
|
Batting: RHB Arnie Williams
|
0-0: Ball 1-0: Ball 2-0: Ball 3-0: Called Strike 3-1: Called Strike 3-2: Strikes out swinging
|
Top of the 2nd over - 0 run(s), 0 hit(s), 0 error(s), 0 left on base; Baylor 0 - Providence 1 |
BOTTOM OF THE 2ND |
Providence Friars batting - Pitching for Baylor Bears : RHP Luke Rogers
|
Batting: RHB Dan Rivera
|
0-0: Called Strike 0-1: Ball 1-1: Called Strike 1-2: Strikes out swinging
|
Batting: RHB Jorge Carrillo
|
0-0: SINGLE (Groundball, 4MD)
|
Batting: LHB Arnold Stewart
|
0-0: Ball 1-0: Called Strike 1-1: Fielders Choice at 2nd, 3-6 (Groundball, 34)
|
Batting: RHB Kyle Baylor
|
0-0: Ball 1-0: Called Strike 1-1: Fly out, F7 (Flyball, 78M)
|
Bottom of the 2nd over - 0 run(s), 1 hit(s), 0 error(s), 1 left on base; Baylor 0 - Providence 1 |
TOP OF THE 3RD |
Baylor Bears batting - Pitching for Providence Friars : RHP Lorne McCoy
|
Batting: RHB Bill Ward
|
0-0: Ball 1-0: Ball 2-0: Called Strike 2-1: Fly out, F7 (Flyball, 78M)
|
Batting: LHB Jeff Sellers
|
0-0: Fly out, F8 (Flyball, 8RM)
|
Batting: RHB Greg Williams
|
0-0: Ball 1-0: Ball 2-0: Called Strike 2-1: Ball 3-1: Base on Balls
|
Batting: LHB Alejandro Muńóz
|
0-0: Called Strike 0-1: Ball 1-1: Foul Ball, location: 2F 1-2: Ball 2-2: SINGLE (Line Drive, 89S) Greg Williams to second
|
Batting: LHB Cipriano Rangel
|
0-0: Foul Ball, location: 2F 0-1: Foul Ball, location: 2F 0-2: Ball 1-2: Foul Ball, location: 2F 1-2: Foul Ball, location: 2F 1-2: Ball 2-2: Ball 3-2: Base on Balls Greg Williams to third Alejandro Muńóz to second
|
Batting: RHB Jesús Medrano
|
0-0: Called Strike 0-1: Swinging Strike 0-2: Ball 1-2: Strikes out looking
|
Top of the 3rd over - 0 run(s), 1 hit(s), 0 error(s), 3 left on base; Baylor 0 - Providence 1 |
BOTTOM OF THE 3RD |
Providence Friars batting - Pitching for Baylor Bears : RHP Luke Rogers
|
Batting: LHB Jorge Hernández
|
0-0: Called Strike 0-1: Ball 1-1: Swinging Strike 1-2: Foul Ball, location: 2F 1-2: Ball 2-2: Fly out, F9 (Line Drive, 89M)
|
Batting: RHB Eugene Ackerman
|
0-0: Ball 1-0: Foul Ball, location: 2F 1-1: Ball 2-1: Ball 3-1: Base on Balls
|
Batting: LHB Dave Joyner
|
0-0: Ball 1-0: Ball 2-0: Called Strike 2-1: Fly out, F5 (Popup, 5F)
|
Batting: RHB Albert Cordero
|
0-0: Ball 1-0: Called Strike 1-1: Called Strike 1-2: Foul Ball, location: 2F 1-2: Ball 2-2: Ball 3-2: Fly out, F7 (Line Drive, 78XD)
|
Bottom of the 3rd over - 0 run(s), 0 hit(s), 0 error(s), 1 left on base; Baylor 0 - Providence 1 |
TOP OF THE 4TH |
Baylor Bears batting - Pitching for Providence Friars : RHP Lorne McCoy
|
Batting: RHB Patrick Love
|
0-0: Called Strike 0-1: Swinging Strike 0-2: Ball 1-2: Strikes out looking
|
Batting: RHB Nelson Burton
|
0-0: Called Strike 0-1: Ball 1-1: Ball 2-1: Ground out 6-3 (Groundball, 6M)
|
Batting: RHB Arnie Williams
|
0-0: Called Strike 0-1: Foul Ball, location: 2F 0-2: Ball 1-2: Ball 2-2: Strikes out swinging
|
Top of the 4th over - 0 run(s), 0 hit(s), 0 error(s), 0 left on base; Baylor 0 - Providence 1 |
BOTTOM OF THE 4TH |
Providence Friars batting - Pitching for Baylor Bears : RHP Luke Rogers
|
Batting: LHB Zach Baxter
|
0-0: Ball 1-0: Foul Ball, location: 2F 1-1: Ball 2-1: Foul Ball, location: 2F 2-2: Hit by Pitch
|
Pinch Runner at 1st Larry Davis:
|
|
Batting: RHB Dan Rivera
|
0-0: Ball 1-0: Fly out, F6 (Popup, 8RS)
|
Batting: RHB Jorge Carrillo
|
0-0: Called Strike 0-1: Ball 1-1: Foul Ball, location: 2F 1-2: Fielders Choice at 2nd, 1-6 (Groundball, 13S)
|
Batting: LHB Arnold Stewart
|
0-0: Swinging Strike 0-1: Called Strike Jorge Carrillo steals 2nd base 0-2: Strikes out looking
|
Bottom of the 4th over - 0 run(s), 0 hit(s), 0 error(s), 1 left on base; Baylor 0 - Providence 1 |
TOP OF THE 5TH |
Baylor Bears batting - Pitching for Providence Friars : RHP Lorne McCoy
|
Now in RF: Larry Davis
|
|
Batting: RHB Bill Ward
|
0-0: Foul Ball, location: 2F 0-1: Ball 1-1: Ball 2-1: SINGLE (Line Drive, 89S)
|
Batting: LHB Jeff Sellers
|
0-0: Called Strike 0-1: Called Strike 0-2: Ball 1-2: Strikes out swinging
|
Batting: RHB Greg Williams
|
0-0: Ball 1-0: Foul Ball, location: 2F 1-1: Grounds into double play, 4-6-3 (Groundball, 4)
|
Top of the 5th over - 0 run(s), 1 hit(s), 0 error(s), 0 left on base; Baylor 0 - Providence 1 |
BOTTOM OF THE 5TH |
Providence Friars batting - Pitching for Baylor Bears : RHP Luke Rogers
|
Batting: RHB Kyle Baylor
|
0-0: Ground out 5-3 (Groundball, 56)
|
Batting: LHB Jorge Hernández
|
0-0: Ball 1-0: Ball 2-0: Ball 3-0: Called Strike 3-1: Base on Balls
|
Batting: RHB Eugene Ackerman
|
0-0: Ball Jorge Hernández is caught stealing 2nd base 1-0: Fly out, F8 (Flyball, 8RD)
|
Bottom of the 5th over - 0 run(s), 0 hit(s), 0 error(s), 0 left on base; Baylor 0 - Providence 1 |
TOP OF THE 6TH |
Baylor Bears batting - Pitching for Providence Friars : RHP Lorne McCoy
|
Batting: LHB Alejandro Muńóz
|
0-0: Fly out, F8 (Flyball, 8RM)
|
Batting: LHB Cipriano Rangel
|
0-0: Called Strike 0-1: Called Strike 0-2: Ball 1-2: Foul Ball, location: 2F 1-2: Strikes out looking
|
Batting: RHB Jesús Medrano
|
0-0: Ball 1-0: Ground out 4-3 (Groundball, 4)
|
Top of the 6th over - 0 run(s), 0 hit(s), 0 error(s), 0 left on base; Baylor 0 - Providence 1 |
BOTTOM OF THE 6TH |
Providence Friars batting - Pitching for Baylor Bears : RHP Luke Rogers
|
Pitching: RHP Mack Rhodes
|
|
Batting: LHB Dave Joyner
|
0-0: Ball 1-0: SINGLE (Groundball, 34D)
|
Batting: RHB Albert Cordero
|
0-0: Swinging Strike 0-1: Fly out, F8 (Flyball, 8RXD)
|
Batting: RHB Larry Davis
|
0-0: Swinging Strike 0-1: Ball 1-1: Swinging Strike 1-2: Strikes out swinging
|
Batting: RHB Dan Rivera
|
0-0: Ball 1-0: Called Strike 1-1: Foul Ball, location: 2F 1-2: Strikes out swinging
|
Bottom of the 6th over - 0 run(s), 1 hit(s), 0 error(s), 1 left on base; Baylor 0 - Providence 1 |
TOP OF THE 7TH |
Baylor Bears batting - Pitching for Providence Friars : RHP Lorne McCoy
|
Batting: RHB Patrick Love
|
0-0: Swinging Strike 0-1: Ball 1-1: Ball 2-1: Foul Ball, location: 2F 2-2: Foul Ball, location: 2F 2-2: Fly out, F8 (Flyball, 8LM)
|
Pitching: RHP Adam Reed
|
|
Batting: RHB Nelson Burton
|
0-0: Foul Ball, location: 2F 0-1: Swinging Strike 0-2: Strikes out looking
|
Batting: RHB Arnie Williams
|
0-0: Swinging Strike 0-1: Ball 1-1: Ball 2-1: Foul Ball, location: 2F 2-2: Strikes out swinging
|
Top of the 7th over - 0 run(s), 0 hit(s), 0 error(s), 0 left on base; Baylor 0 - Providence 1 |
BOTTOM OF THE 7TH |
Providence Friars batting - Pitching for Baylor Bears : RHP Mack Rhodes
|
Batting: RHB Jorge Carrillo
|
0-0: Called Strike 0-1: Swinging Strike 0-2: Strikes out swinging
|
Batting: LHB Arnold Stewart
|
0-0: Swinging Strike 0-1: Hit by Pitch
|
Pinch Hitting: RHB Rodrigo Carballeira
|
0-0: Ball Arnold Stewart steals 2nd base 1-0: Called Strike 1-1: Called Strike 1-2: Foul Ball, location: 2F 1-2: Strikes out looking
|
Batting: LHB Jorge Hernández
|
0-0: Ball 1-0: Ball 2-0: Ball 3-0: Called Strike 3-1: 2-RUN HOME RUN (Flyball, 9D), Distance : 335 ft
|
Batting: RHB Eugene Ackerman
|
0-0: Ball 1-0: Foul Ball, location: 2F 1-1: Ball 2-1: Foul Ball, location: 2F 2-2: Ball 3-2: Strikes out swinging
|
Bottom of the 7th over - 2 run(s), 1 hit(s), 0 error(s), 0 left on base; Baylor 0 - Providence 3 |
TOP OF THE 8TH |
Baylor Bears batting - Pitching for Providence Friars : RHP Adam Reed
|
Now in CF: Chris Reid
|
|
Batting: RHB Bill Ward
|
0-0: Called Strike 0-1: Ball 1-1: Swinging Strike 1-2: Ball 2-2: Strikes out swinging
|
Batting: LHB Jeff Sellers
|
0-0: Called Strike 0-1: Ball 1-1: Called Strike 1-2: Ball 2-2: Ball 3-2: Foul Ball, location: 2F 3-2: Base on Balls
|
Pitching: RHP Lance Edgar
|
|
Batting: RHB Greg Williams
|
0-0: Called Strike 0-1: Ball 1-1: Called Strike 1-2: Strikes out swinging
|
Pitching: LHP Juan Jose Hinojosa
|
|
Batting: LHB Alejandro Muńóz
|
0-0: Ball 1-0: Ball 2-0: Fly out, F7 (Line Drive, 7S)
|
Top of the 8th over - 0 run(s), 0 hit(s), 0 error(s), 1 left on base; Baylor 0 - Providence 3 |
BOTTOM OF THE 8TH |
Providence Friars batting - Pitching for Baylor Bears : RHP Mack Rhodes
|
Pitching: RHP Robby Raines
|
|
Batting: LHB Dave Joyner
|
0-0: Ball 1-0: Ball 2-0: Foul Ball, location: 2F 2-1: Swinging Strike 2-2: Ball 3-2: Strikes out looking
|
Batting: RHB Albert Cordero
|
0-0: Foul Ball, location: 2F 0-1: Ball 1-1: Swinging Strike 1-2: Ground out 3-1 (Groundball, 34)
|
Batting: RHB Larry Davis
|
0-0: Ball 1-0: Ball 2-0: Ball 3-0: Base on Balls
|
Batting: RHB Dan Rivera
|
0-0: Ball 1-0: Foul Ball, location: 2F 1-1: Called Strike Larry Davis steals 2nd base 1-2: Ball 2-2: Ground out 4-3 (Groundball, 4)
|
Bottom of the 8th over - 0 run(s), 0 hit(s), 0 error(s), 1 left on base; Baylor 0 - Providence 3 |
TOP OF THE 9TH |
Baylor Bears batting - Pitching for Providence Friars : LHP Juan Jose Hinojosa
|
Pitching: LHP Rodrigo Montés
|
|
Now at 1B: Clinton Cook
|
|
Now at SS: Will Stafford
|
|
Batting: LHB Cipriano Rangel
|
0-0: Called Strike 0-1: SINGLE (Flyball, 8LS)
|
Batting: RHB Jesús Medrano
|
0-0: Called Strike 0-1: SINGLE (Groundball, 6MD) (infield hit) Cipriano Rangel to second
|
Batting: RHB Patrick Love
|
0-0: Ball 1-0: Called Strike 1-1: Called Strike 1-2: Ball 2-2: Ball 3-2: Foul Ball, location: 2F 3-2: SINGLE (Line Drive, 8LS) Cipriano Rangel to third Jesús Medrano to second
|
Batting: RHB Nelson Burton
|
0-0: Called Strike 0-1: Grounds into double play, 6-4-3 (Groundball, 6) Cipriano Rangel scores Jesús Medrano to third
|
Batting: RHB Arnie Williams
|
0-0: Foul Ball, location: 2F 0-1: Ball 1-1: Swinging Strike 1-2: Foul Ball, location: 2F 1-2: Ball 2-2: Ball 3-2: Base on Balls
|
Batting: RHB Bill Ward
|
0-0: Fielders Choice at 2nd, U6 (Groundball, 6M)
|
Top of the 9th over - 1 run(s), 3 hit(s), 0 error(s), 2 left on base; Baylor 1 - Providence 3 |
|